AoeStats
← RS_Medik

Arena

510144854Analyzed
4v4 RM · 1d ago on Sep 29, 2026· 32m 22s· 8 players
Game mode
Random Map
Map size
Large (8 player)
Population
200
Speed
Normal
Resources
Standard
Victory
Conquest
Starting age
Dark Age
Ending age
Imperial Age
RankedLock teamsTeams togetherTeam positionsShared explorationLock speedFull tech treeHidden civsTurbo modeCheats
Victory
Defeat
🇭🇷 Armenians · Croatia
839
+16
🇺🇸 Vikings · United States
831
+16
🇭🇷 Cumans · Croatia
808
+17
🇮🇳 Japanese · India
800
+18
🇨🇳 Varangians · China
926
-20
🇨🇳 Japanese · China
851
-17
🇹🇼 Wei · Taiwan
790
-15
🇮🇳 Slavs · India
790
-15
destro(yer)
11:04 Feudal Age
11:55 Double-Bit Axe
13:40 Loom
17:37 Castle Age
15:26 Horse Collar
18:59 Bow Saw
19:00 Scale Barding Armor
23:26 Wheelbarrow
23:47 Gold Mining
23:48 Stone Mining
24:21 Chain Barding Armor
小菜机
14:04 Feudal Age
18:15 Castle Age
16:30 Double-Bit Axe
24:32 Castle Age
Olala
6:27 Loom
10:08 Feudal Age
11:01 Double-Bit Axe
15:42 Castle Age
14:28 Horse Collar
15:39 Gold Mining
16:37 Bow Saw
17:35 Town Watch
17:54 Heavy Plow
21:17 Fletching
22:10 Stone Mining
22:31 Bodkin Arrow
29:15 Tuntian
29:54 Wheelbarrow
Iluvatar
11:12 Feudal Age
15:15 Castle Age
13:10 Double-Bit Axe
16:38 Bow Saw
20:48 Horse Collar
AlfioBang
10:54 Feudal Age
13:34 Wheelbarrow
15:40 Double-Bit Axe
20:29 Horse Collar
26:09 Castle Age
26:14 Capped Ram
28:43 Hand Cart
31:54 Imperial Age
29:26 Gold Mining
29:50 Bow Saw
31:06 Heavy Plow
30:50 Capped Ram
31:56 Siege Ram
RS_Medik
8:29 Loom
11:22 Feudal Age
11:23 Man-at-Arms
12:11 Long Swordsman
13:28 Arson
16:48 Scale Mail Armor
18:54 Scale Barding Armor
23:19 Castle Age
21:57 Scale Barding Armor
24:34 Wheelbarrow
24:03 Horse Collar
25:25 Chain Mail Armor
26:10 Double-Bit Axe
26:15 Gold Mining
26:19 Two-Handed Swordsman
26:47 Gambesons
27:07 Squires
28:16 Heavy Plow
pinkerton
11:05 Feudal Age
11:32 Double-Bit Axe
18:54 Castle Age
17:20 Horse Collar
22:08 Bow Saw
22:00 Heavy Plow
21:28 Crossbowman
23:34 Gold Mining
23:37 Fletching
23:48 Padded Archer Armor
27:03 Arson
27:22 Squires
27:20 Bodkin Arrow
27:41 Leather Archer Armor
28:48 Scale Mail Armor
28:59 Forging
28:40 Loom
28:41 Town Watch
34:05 Imperial Age
xxbysnipxx
10:57 Feudal Age
17:07 Castle Age
15:20 Double-Bit Axe
23:43 Arson
28:53 Scale Mail Armor
29:48 Squires
Connection lost

Rejoining the realm…

Still unreachable

The connection could not be restored.

Session expired

The server has moved on; the page needs a fresh start.